PIO (24 & UNDER)
EAU CLAIRE ESQUIRES @ JASPER COUGARS
06/02/2028
 
TOP OF THE 1ST
Eau Claire Esquires batting - Pitching for Jasper Cougars : RHP Juan Arreola
Pitching: RHP Juan Arreola
Batting: SHB José Gonzáles 0-0: Ball
1-0: Reached on error, E2 (Groundball, 15S)
Batting: RHB Kyle McIntyre 0-0: Ball
1-0: Ball
2-0: Ball
3-0: Base on Balls
Batting: RHB Jason Stover 0-0: Ball
1-0: Ball
2-0: Ball
3-0: Called Strike
3-1: Swinging Strike
3-2: Foul Ball, location: 2F
3-2: Strikes out looking
Batting: RHB Rich Henley 0-0: Ball
1-0: Swinging Strike
1-1: Reached via error on a dropped throw, E4
José Gonzáles to third
Kyle McIntyre to second
Batting: RHB Terry Perkins 0-0: Ball
1-0: Foul Ball, location: 2F
1-1: Foul Ball, location: 2F
1-2: Fly out, F8 (Flyball, 8RM)
Runner from 3rd tags up, SCORES, no throw
Batting: LHB Miguel Arteaga 0-0: Ball
1-0: Swinging Strike
1-1: Foul Ball, location: 2F
1-2: Strikes out looking
Top of the 1st over - 1 run(s), 0 hit(s), 2 error(s), 2 left on base; Eau Claire 1 - Jasper 0
BOTTOM OF THE 1ST
Jasper Cougars batting - Pitching for Eau Claire Esquires : RHP Keith Hill
Pitching: RHP Keith Hill
Batting: RHB Jorge Romero 0-0: Called Strike
0-1: Ball
1-1: Ball
2-1: Called Strike
2-2: Strikes out swinging
Batting: LHB Jon Rogers 0-0: Ball
1-0: Foul Ball, location: 2F
1-1: Fly out, F8 (Line Drive, 89D)
Batting: LHB Darren Holland 0-0: Ball
1-0: Swinging Strike
1-1: Ball
2-1: Foul Ball, location: 2F
2-2: Foul Ball, location: 2F
2-2: Foul Ball, location: 2F
2-2: Ground out 4-3 (Groundball, 4M)
Bottom of the 1st over - 0 run(s), 0 hit(s), 0 error(s), 0 left on base; Eau Claire 1 - Jasper 0
TOP OF THE 2ND
Eau Claire Esquires batting - Pitching for Jasper Cougars : RHP Juan Arreola
Batting: RHB Chet White 0-0: Ball
1-0: Foul Ball, location: 2F
1-1: Ball
2-1: Foul Ball, location: 2F
2-2: Strikes out swinging
Batting: RHB Francisco Fernández 0-0: Ball
1-0: Ball
2-0: Ball
3-0: Called Strike
3-1: Fly out, F8 (Flyball, 8LD)
Batting: RHB Dave Anderson 0-0: Called Strike
0-1: Swinging Strike
0-2: Ground out 3-1 (Groundball, 34)
Top of the 2nd over - 0 run(s), 0 hit(s), 0 error(s), 0 left on base; Eau Claire 1 - Jasper 0
BOTTOM OF THE 2ND
Jasper Cougars batting - Pitching for Eau Claire Esquires : RHP Keith Hill
Batting: LHB Francisco Cardenas 0-0: Called Strike
0-1: Foul Ball, location: 2F
0-2: Strikes out swinging, 2-3 out at first.
Batting: LHB Tony Beck 0-0: Called Strike
0-1: Called Strike
0-2: Ball
1-2: Ground out 4-3 (Groundball, 4)
Batting: RHB Ben Wilson 0-0: Ball
1-0: Ball
2-0: Ground out 6-3 (Groundball, 6)
Bottom of the 2nd over - 0 run(s), 0 hit(s), 0 error(s), 0 left on base; Eau Claire 1 - Jasper 0
TOP OF THE 3RD
Eau Claire Esquires batting - Pitching for Jasper Cougars : RHP Juan Arreola
Batting: SHB José Gonzáles 0-0: Ball
1-0: SINGLE (Flyball, 8LS)
Batting: RHB Kyle McIntyre 0-0: Ball
1-0: SINGLE (Groundball, 6D)
José Gonzáles to second
Batting: RHB Jason Stover 0-0: Foul Ball, location: 2F
0-1: Called Strike
0-2: Strikes out looking
Batting: RHB Rich Henley 0-0: Ball
1-0: Foul Ball, location: 2F
1-1: Swinging Strike
1-2: Foul Ball, location: 2F
1-2: Ball
2-2: Strikes out swinging
Batting: RHB Terry Perkins 0-0: Ball
1-0: Called Strike
1-1: SINGLE (Line Drive, 34D)
José Gonzáles to third
Kyle McIntyre to second
Runner from 3rd tries for Home, SAFE, no throw
Batting: LHB Miguel Arteaga 0-0: Ball
1-0: Called Strike
1-1: Ball
2-1: Swinging Strike
2-2: Ball
3-2: Strikes out swinging
Top of the 3rd over - 1 run(s), 3 hit(s), 0 error(s), 2 left on base; Eau Claire 2 - Jasper 0
BOTTOM OF THE 3RD
Jasper Cougars batting - Pitching for Eau Claire Esquires : RHP Keith Hill
Batting: RHB José Ortega 0-0: Called Strike
0-1: Ball
1-1: Fly out, F9 (Flyball, 9)
Batting: SHB Michael Miller 0-0: Called Strike
0-1: Ground out U3 (Groundball, 34)
Batting: RHB Scott McGuire 0-0: Called Strike
0-1: SOLO HOME RUN (Flyball, 7D), Distance : 368 ft
Batting: RHB Jorge Romero 0-0: Called Strike
0-1: Ball
1-1: Foul Ball, location: 2F
1-2: Foul Ball, location: 2F
1-2: Ball
2-2: Ball
3-2: Foul Ball, location: 2F
3-2: Ground out 4-3 (Groundball, 4M)
Bottom of the 3rd over - 1 run(s), 1 hit(s), 0 error(s), 0 left on base; Eau Claire 2 - Jasper 1
TOP OF THE 4TH
Eau Claire Esquires batting - Pitching for Jasper Cougars : RHP Juan Arreola
Batting: RHB Chet White 0-0: Ball
1-0: Ball
2-0: Called Strike
2-1: Swinging Strike
2-2: Ball
3-2: Fly out, F8 (Line Drive, 78M)
Batting: RHB Francisco Fernández 0-0: Swinging Strike
0-1: Fly out, F9 (Flyball, 9S)
Batting: RHB Dave Anderson 0-0: Ball
1-0: Ball
2-0: Called Strike
2-1: Foul Ball, location: 2F
2-2: Fly out, F9 (Flyball, 9)
Top of the 4th over - 0 run(s), 0 hit(s), 0 error(s), 0 left on base; Eau Claire 2 - Jasper 1
BOTTOM OF THE 4TH
Jasper Cougars batting - Pitching for Eau Claire Esquires : RHP Keith Hill
Batting: LHB Jon Rogers 0-0: Swinging Strike
0-1: Ground out 6-3 (Groundball, 6)
Batting: LHB Darren Holland 0-0: SINGLE (Groundball, 56D)
Batting: LHB Francisco Cardenas 0-0: Called Strike
0-1: Ball
1-1: Swinging Strike
1-2: Ball
Darren Holland steals 2nd base
2-2: Strikes out swinging
Batting: LHB Tony Beck 0-0: Called Strike
0-1: Called Strike
0-2: Ball
1-2: Foul Ball, location: 2F
1-2: Foul Ball, location: 2F
1-2: Ball
2-2: Ball
3-2: Strikes out swinging
Bottom of the 4th over - 0 run(s), 1 hit(s), 0 error(s), 1 left on base; Eau Claire 2 - Jasper 1
TOP OF THE 5TH
Eau Claire Esquires batting - Pitching for Jasper Cougars : RHP Juan Arreola
Batting: SHB José Gonzáles 0-0: Ball
1-0: Ball
2-0: Called Strike
2-1: Foul Ball, location: 2F
2-2: Strikes out swinging
Batting: RHB Kyle McIntyre 0-0: Called Strike
0-1: Called Strike
0-2: Strikes out swinging
Batting: RHB Jason Stover 0-0: Ball
1-0: Ball
2-0: Ball
3-0: Called Strike
3-1: Ground out 5-3 (Groundball, 5)
Top of the 5th over - 0 run(s), 0 hit(s), 0 error(s), 0 left on base; Eau Claire 2 - Jasper 1
BOTTOM OF THE 5TH
Jasper Cougars batting - Pitching for Eau Claire Esquires : RHP Keith Hill
Batting: RHB Ben Wilson 0-0: Called Strike
0-1: Reached on error, E5 (Groundball, 56)
Batting: RHB José Ortega 0-0: Called Strike
Ben Wilson steals 2nd base
0-1: Called Strike
0-2: Ball
1-2: Ball
2-2: Ground out 6-3 (Groundball, 6)
Batting: SHB Michael Miller 0-0: Foul Ball, location: 2F
0-1: Swinging Strike
0-2: SINGLE (Groundball, 6D)
Ben Wilson to third
Runner from 3rd tries for Home, SAFE, no throw
Batting: RHB Scott McGuire 0-0: Ball
1-0: Foul Ball, location: 2F
1-1: Ball
2-1: Foul Ball, location: 2F
2-2: Foul Ball, location: 2F
2-2: Strikes out swinging
Batting: RHB Jorge Romero 0-0: Ball
Michael Miller is caught stealing 2nd base
Bottom of the 5th over - 1 run(s), 1 hit(s), 1 error(s), 0 left on base; Eau Claire 2 - Jasper 2
TOP OF THE 6TH
Eau Claire Esquires batting - Pitching for Jasper Cougars : RHP Juan Arreola
Pitching: LHP Ángel Gonzáles
Batting: RHB Rich Henley 0-0: Ball
1-0: Ball
2-0: Ball
3-0: Called Strike
3-1: Base on Balls
Batting: RHB Terry Perkins 0-0: Called Strike
0-1: Ball
1-1: Foul Ball, location: 2F
1-2: Ball
2-2: Strikes out swinging
Batting: LHB Miguel Arteaga 0-0: Ground out 4-3 (Groundball, 4)
Rich Henley to second
Batting: RHB Chet White 0-0: Called Strike
0-1: Ball
1-1: Foul Ball, location: 2F
1-2: Fly out, F5 (Line Drive, 5L)
Top of the 6th over - 0 run(s), 0 hit(s), 0 error(s), 1 left on base; Eau Claire 2 - Jasper 2
BOTTOM OF THE 6TH
Jasper Cougars batting - Pitching for Eau Claire Esquires : RHP Keith Hill
Batting: RHB Jorge Romero 0-0: Ground out 1-3 (Groundball, P)
Batting: LHB Jon Rogers 0-0: Called Strike
0-1: Called Strike
0-2: Ball
1-2: Strikes out looking
Batting: LHB Darren Holland 0-0: Ball
1-0: Ball
2-0: Called Strike
2-1: Swinging Strike
2-2: Foul Ball, location: 2F
2-2: Strikes out swinging
Bottom of the 6th over - 0 run(s), 0 hit(s), 0 error(s), 0 left on base; Eau Claire 2 - Jasper 2
TOP OF THE 7TH
Eau Claire Esquires batting - Pitching for Jasper Cougars : LHP Ángel Gonzáles
Batting: RHB Francisco Fernández 0-0: Ball
1-0: Swinging Strike
1-1: Ball
2-1: Swinging Strike
2-2: Strikes out swinging
Batting: RHB Dave Anderson 0-0: Ball
1-0: Fly out, F6 (Popup, 6)
Batting: SHB José Gonzáles 0-0: Ball
1-0: Called Strike
1-1: Ball
2-1: Ball
3-1: Base on Balls
Pinch Hitting: SHB José García 0-0: Ball
1-0: Foul Ball, location: 2F
1-1: Foul Ball, location: 2F
1-2: Strikes out swinging
Top of the 7th over - 0 run(s), 0 hit(s), 0 error(s), 1 left on base; Eau Claire 2 - Jasper 2
BOTTOM OF THE 7TH
Jasper Cougars batting - Pitching for Eau Claire Esquires : RHP Keith Hill
Now at 2B: Earl Wigfall
Batting: LHB Francisco Cardenas 0-0: Ground out U3 (Groundball, 34)
Pitching: RHP Tom Emery
Batting: LHB Tony Beck 0-0: Ball
1-0: Foul Ball, location: 2F
1-1: Fly out, F8 (Flyball, 8LM)
Batting: RHB Ben Wilson 0-0: Called Strike
0-1: SINGLE (Line Drive, 78S)
Pinch Hitting: LHB John Stone 0-0: Foul Ball, location: 2F
0-1: Ball
1-1: Foul Ball, location: 2F
1-2: Ball
2-2: Strikes out swinging
Bottom of the 7th over - 0 run(s), 1 hit(s), 0 error(s), 1 left on base; Eau Claire 2 - Jasper 2
TOP OF THE 8TH
Eau Claire Esquires batting - Pitching for Jasper Cougars : LHP Ángel Gonzáles
Now at 3B: Charles Lewis
Batting: RHB Jason Stover 0-0: Single, Error in OF, E8, batter to second base
Batting: RHB Rich Henley 0-0: Ball
1-0: Ball
2-0: Ball
3-0: Called Strike
3-1: Base on Balls
Batting: RHB Terry Perkins 0-0: Ball
1-0: Ball
2-0: Foul Ball, location: 2F
2-1: Called Strike
2-2: Ball
3-2: Foul Ball, location: 2F
3-2: Strikes out swinging
Batting: LHB Miguel Arteaga 0-0: Ball
1-0: Foul Ball, location: 2F
1-1: Grounds into double play, 3-6-3 (Groundball, 34)
Top of the 8th over - 0 run(s), 1 hit(s), 1 error(s), 1 left on base; Eau Claire 2 - Jasper 2
BOTTOM OF THE 8TH
Jasper Cougars batting - Pitching for Eau Claire Esquires : RHP Tom Emery
Batting: SHB Michael Miller 0-0: Swinging Strike
0-1: Ball
1-1: Swinging Strike
1-2: Ball
2-2: Foul Ball, location: 2F
2-2: Strikes out swinging
Pinch Hitting: RHB José Maldonado 0-0: Ball
1-0: Called Strike
1-1: Ball
2-1: Swinging Strike
2-2: Strikes out looking
Batting: RHB Jorge Romero 0-0: Ball
1-0: Foul Ball, location: 2F
1-1: Ground out 5-3 (Groundball, 56S)
Bottom of the 8th over - 0 run(s), 0 hit(s), 0 error(s), 0 left on base; Eau Claire 2 - Jasper 2
TOP OF THE 9TH
Eau Claire Esquires batting - Pitching for Jasper Cougars : LHP Ángel Gonzáles
Pitching: LHP Teuk-chin Kim
Now at C: José Maldonado
Pinch Hitting: RHB Eugenio Maldonado 0-0: Called Strike
0-1: Swinging Strike
0-2: Ball
1-2: Foul Ball, location: 2F
1-2: Ball
2-2: Strikes out swinging
Batting: RHB Francisco Fernández 0-0: Ball
1-0: Called Strike
1-1: Ground out 4-3 (Groundball, 4)
Batting: RHB Dave Anderson 0-0: Ball
1-0: Called Strike
1-1: Swinging Strike
1-2: Ball
2-2: Strikes out looking
Top of the 9th over - 0 run(s), 0 hit(s), 0 error(s), 0 left on base; Eau Claire 2 - Jasper 2
BOTTOM OF THE 9TH
Jasper Cougars batting - Pitching for Eau Claire Esquires : RHP Tom Emery
Now at C: Eugenio Maldonado
Batting: LHB Jon Rogers 0-0: Ground out U3 (Groundball, 3L)
Batting: LHB Darren Holland 0-0: Called Strike
0-1: Swinging Strike
0-2: Ball
1-2: Strikes out swinging
Batting: LHB Francisco Cardenas 0-0: Ball
1-0: Fly out, F7 (Flyball, 78S)
Bottom of the 9th over - 0 run(s), 0 hit(s), 0 error(s), 0 left on base; Eau Claire 2 - Jasper 2
TOP OF THE 10TH
Eau Claire Esquires batting - Pitching for Jasper Cougars : LHP Teuk-chin Kim
Batting: SHB José Gonzáles 0-0: Called Strike
0-1: Ground out 4-3 (Groundball, 34)
Batting: LHB Earl Wigfall 0-0: Ball
1-0: Called Strike
1-1: Foul Ball, location: 2F
1-2: Ball
2-2: Ball
3-2: Foul Ball, location: 2F
3-2: Base on Balls
Batting: RHB Jason Stover 0-0: Ball
1-0: Fly out, F1 (Line Drive, 15S)
Lined into DP, 1-3 (Line Drive, 15S)
Top of the 10th over - 0 run(s), 0 hit(s), 0 error(s), 0 left on base; Eau Claire 2 - Jasper 2
BOTTOM OF THE 10TH
Jasper Cougars batting - Pitching for Eau Claire Esquires : RHP Tom Emery
Batting: LHB Tony Beck 0-0: SINGLE (Groundball, 4MD)
Batting: RHB Ben Wilson 0-0: Fly out, F5 (Line Drive, 5)
Batting: RHB Charles Lewis 0-0: Called Strike
0-1: Swinging Strike
0-2: Ball
1-2: Ball
2-2: Strikes out looking
Batting: SHB Michael Miller 0-0: Ball
1-0: Foul Ball, location: 2F
1-1: Called Strike
1-2: Foul Ball, location: 2F
1-2: Foul Ball, location: 2F
1-2: Fielders Choice at 2nd, 6-4 (Groundball, 6)
Bottom of the 10th over - 0 run(s), 1 hit(s), 0 error(s), 0 left on base; Eau Claire 2 - Jasper 2
TOP OF THE 11TH
Eau Claire Esquires batting - Pitching for Jasper Cougars : LHP Teuk-chin Kim
Pitching: LHP Robert Williams
Batting: RHB Rich Henley 0-0: SINGLE (Groundball, 56D)
Pinch Runner at 1st Jason Smith:
Batting: RHB Terry Perkins 0-0: Ball
1-0: Swinging Strike
1-1: Ball
2-1: Foul Ball, location: 2F
2-2: Foul Ball, location: 2F
2-2: Ball
3-2: Foul Ball, location: 2F
3-2: Foul Ball, location: 2F
3-2: Strikes out swinging
Batting: LHB Miguel Arteaga 0-0: Ball
1-0: Called Strike
1-1: SINGLE (Groundball, 34) (infield hit)
Jason Smith to second
Batting: RHB Eugenio Maldonado 0-0: Called Strike
0-1: Ball
1-1: Ball
2-1: Ball
3-1: Base on Balls
Jason Smith to third
Miguel Arteaga to second
Batting: RHB Francisco Fernández 0-0: Foul Ball, location: 2F
0-1: Foul Ball, location: 2F
0-2: Fly out, F5 (Popup, 56)
Batting: RHB Dave Anderson 0-0: Swinging Strike
0-1: Foul Ball, location: 2F
0-2: Strikes out looking
Top of the 11th over - 0 run(s), 2 hit(s), 0 error(s), 3 left on base; Eau Claire 2 - Jasper 2
BOTTOM OF THE 11TH
Jasper Cougars batting - Pitching for Eau Claire Esquires : RHP Tom Emery
Now at 3B: Chris Whittier
Batting: RHB José Maldonado 0-0: Fly out, F3 (Flyball, 3D)
Batting: RHB Jorge Romero 0-0: Called Strike
0-1: Foul Ball, location: 2F
0-2: Ball
1-2: Strikes out swinging
Pitching: LHP Adrian Bryant
Batting: LHB Jon Rogers 0-0: Foul Ball, location: 2F
0-1: Ball
1-1: Ball
2-1: Swinging Strike
2-2: Fly out, F7 (Line Drive, 78M)
Bottom of the 11th over - 0 run(s), 0 hit(s), 0 error(s), 0 left on base; Eau Claire 2 - Jasper 2
TOP OF THE 12TH
Eau Claire Esquires batting - Pitching for Jasper Cougars : LHP Robert Williams
Batting: SHB José Gonzáles 0-0: Ball
1-0: Swinging Strike
1-1: SINGLE (Groundball, 6M) (infield hit)
Batting: LHB Earl Wigfall 0-0: Ball
1-0: Ball
2-0: Ball
3-0: Called Strike
3-1: Called Strike
3-2: Base on Balls
José Gonzáles to second
Batting: RHB Jason Stover 0-0: Called Strike
0-1: Called Strike
0-2: Strikes out swinging
Batting: RHB Chris Whittier 0-0: Ball
José Gonzáles steals 3rd base
Earl Wigfall to second
1-0: Ball
2-0: Ball
3-0: Base on Balls
Pitching: RHP Francisco Pagán
Batting: RHB Terry Perkins 0-0: Ball
1-0: Foul Ball, location: 2F
1-1: Ball
2-1: Swinging Strike
2-2: Strikes out swinging
Batting: LHB Miguel Arteaga 0-0: Ball
1-0: Fly out, F2 (Popup, 3S)
Top of the 12th over - 0 run(s), 1 hit(s), 0 error(s), 3 left on base; Eau Claire 2 - Jasper 2
BOTTOM OF THE 12TH
Jasper Cougars batting - Pitching for Eau Claire Esquires : LHP Adrian Bryant
Batting: LHB Darren Holland 0-0: Ball
1-0: Called Strike
1-1: Called Strike
1-2: Strikes out swinging
Batting: LHB Francisco Cardenas 0-0: Swinging Strike
0-1: Ball
1-1: Called Strike
1-2: Ball
2-2: SINGLE (Groundball, 56) (infield hit)
Pinch Hitting: RHB Andrew Weatherly 0-0: Ball
1-0: Called Strike
1-1: Ball
2-1: Ball
3-1: Fly out, F9 (Flyball, 9LSF)
Batting: RHB Ben Wilson 0-0: Called Strike
0-1: Called Strike
0-2: Ball
1-2: Ball
2-2: Ball
3-2: Foul Ball, location: 2F
3-2: Base on Balls
Francisco Cardenas to second
Batting: RHB Charles Lewis 0-0: Ball
1-0: Called Strike
1-1: Swinging Strike
1-2: Ball
2-2: Ball
3-2: Foul Ball, location: 2F
3-2: Foul Ball, location: 2F
3-2: Base on Balls
Francisco Cardenas to third
Ben Wilson to second
Batting: SHB Michael Miller 0-0: Ball
1-0: Called Strike
1-1: Swinging Strike
1-2: Ball
2-2: Ball
3-2: Base on Balls
Francisco Cardenas scores
Ben Wilson to third
Charles Lewis to second
Tuesday, August 8th, 2017 - OOTP Baseball 17.12 Build 75